AoeStats
← Herby

Lombardia

509812778Analyzed
4v4 RM · 3d ago on Sep 28, 2026· 17m 6s· 8 players
Game mode
Random Map
Map size
Large (8 player)
Population
200
Speed
Normal
Resources
Standard
Victory
Conquest
Starting age
Dark Age
Ending age
Imperial Age
RankedLock teamsTeams togetherTeam positionsShared explorationLock speedFull tech treeHidden civsTurbo modeCheats
Victory
Defeat
🇨🇳 Georgians · China
1520
+12
🇧🇷 Khmer · Brazil
1472
+13
🇹🇼 Slavs · Taiwan
1355
+18
🇦🇷 Mongols · Argentina
1293
+21
🇨🇴 Mongols · Colombia
1426
-17
🇲🇽 Romans · Mexico
1419
-16
🇲🇽 Danes · Mexico
1409
-16
🇯🇵 Dravidians · Japan
1385
-15
Herby
5:17 Loom
13:25 Feudal Age
17:23 Castle Age
ivandario67
7:01 Loom
11:47 Feudal Age
14:40 Fletching
15:01 Horse Collar
[Pb] Komodo 3000
5:19 Loom
11:31 Feudal Age
fumisaiji
9:31 Loom
11:18 Feudal Age
13:27 Fletching
15:00 Horse Collar
15:26 Padded Archer Armor
PoopMaster
0:30 Loom
11:37 Feudal Age
12:23 Double-Bit Axe
12:24 Horse Collar
屁屁寶寶
10:45 Loom
14:36 Feudal Age
14:40 Man-at-Arms
15:32 Double-Bit Axe
15:29 Horse Collar
16:22 Scale Mail Armor
17:07 Gold Mining
17:49 Forging
LORIAN
10:24 Feudal Age
8:41 Loom
10:50 Double-Bit Axe
10:47 Horse Collar
11:20 Gold Mining
19:23 Castle Age
逝
0:34 Loom
9:29 Feudal Age
12:06 Scale Barding Armor
13:09 Horse Collar
15:00 Forging
16:06 Double-Bit Axe
Connection lost

Rejoining the realm…

Still unreachable

The connection could not be restored.

Session expired

The server has moved on; the page needs a fresh start.